 Dungeon Crawl Stone Soup version 0.28-a0-751-gef3a642a4e (webtiles) character file.

Game seed: 2817003847116022916

3063 Jannitor the Ducker (level 10, -7/73 HPs)
             Began as a Djinni Chaos Knight on Oct 29, 2021.
             Was a Plaything of Xom.
             Mangled by an orc warrior (16 damage)
             ... in a bailey on Oct 30, 2021.
             The game lasted 00:17:24 (8860 turns).

Jannitor the Ducker (Djinni Chaos Knight)           Turns: 8860, Time: 00:17:24

Health: -7/73      AC: 13    Str:  9    XL:     10   Next: 12%
Gold:   377        EV: 14    Int: 17    God:    Xom [*.....] SH:  0 Dex: 13

rFire   + + .      SeeInvis .   t - +3 quick blade
rCold   x . .      Faith    .   (no shield)
rNeg    . . .      Spirit   .   b - +2 leather armour
rPois   ∞          Reflect  .   s - +2 hat
rElec   .          Harm     .   (no cloak)
rCorr   .          Rampage  .   (no gloves)
Will    +....                   (boots unavailable)
Stlth   +++.......              (no amulet)
HPRegen 0.22/turn               o - +4 ring of protection
MPRegen 0.00/turn               (no ring)

@: mighty, flying, very slightly contaminated
A: sickness immunity, fire resistance 2, cold vulnerability 1, float, innate
caster, hp casting, extra vitality 1, iridescent scales 2, deformed body, weak 1
a: Renounce Religion


You were in a bailey.
You worshipped Xom.
You were a special plaything of Xom.
You visited 2 branches of the dungeon, and saw 8 of its levels.
You also visited: Bailey.

You collected 377 gold pieces.

Inventory:

Hand Weapons
 a - a +0 short sword of chaos
 t - a +3 quick blade (weapon)
Missiles
 c - 35 poisoned darts (quivered)
Armour
 b - a +2 leather armour (worn)
 s - a +2 hat (worn)
Jewellery
 o - a +4 ring of protection (left hand)
 p - a +4 ring of protection
Wands
 k - a wand of flame (8)
Scrolls
 j - a scroll of teleportation
 q - 2 scrolls of magic mapping
Potions
 f - a potion of cancellation
 i - a potion of curing
 l - a potion of attraction
 m - 2 potions of lignification
 r - 2 potions of brilliance {unknown}


   Skills:
 + Level 6.4 Fighting
 + Level 5.8 Short Blades
 - Level 1.2 Armour
 + Level 6.6 Dodging
 + Level 4.9 Stealth
 + Level 4.0 Spellcasting
 + Level 4.2 Evocations


You had 8 spell levels left.
You knew the following spells:

 Your Spells              Type           Power      Damage    Failure   Level
a - Apportation           Tloc           34%        N/A       4%          1
b - Blink                 Tloc           34%        N/A       6%          2
c - Dazzling Flash        Conj/Hex       34%        N/A       12%         3
d - Summon Guardian Gole  Hex/Summ       17%        N/A       12%         3
Your spell library was empty.

Dungeon Overview and Level Annotations

Branches:
Dungeon (7/15)             Temple (1/1) D:5          Bailey (1/1)

Altars:
Cheibriados
Dithmenos
Elyvilon
Fedhas
Gozag
Kikubaaqudgha
Makhleb
Nemelex Xobeh
Okawaru
Trog
Uskayaw
Vehumet
Xom
Yredelemnul
Zin
The Shining One

Shops:
D:4 *

Annotations:
D:6 Prince Ribbit


Innate Abilities, Weirdness & Mutations

You are immune to sickness and miasma.
You are immune to poison.
Your flesh is very heat resistant. (rF++)
You are vulnerable to cold. (rC-)
You float through the air rather than walking.
You learn spells naturally, not from books.
Your magical power is your life essence.
You have superior vitality. (+4 HP)
You are mostly covered in iridescent scales. (AC +4)
Armour fits poorly on your strangely shaped body.
You are weak. (Str -2)


Message History

Press: ? - help, Dir - look around, f - activate You miscast Dazzling Flash.
You are very lightly contaminated with residual magic.
Nothing appears to happen.
The orc warrior hits you from afar with a +0 spear.
Aiming: Throw Flame
Press: ? - help, Shift-Dir - straight line, f - orc warrior
Aim: an orc warrior, wielding a +0 spear and wearing a +0 ring mail (severely wounded, 64% to hit)
The puff of flame hits the orc warrior but does no damage.
The orc warrior is severely wounded.
The orc warrior hits you from afar with a +0 spear.
An orc comes into view. It is wielding a +0 halberd.
Found a gate leading back out of this place.
The orc warrior shoots a bolt.
The bolt barely misses you.
The orc warrior hits you but does no damage.
The orc moves out of view.
An orc warrior comes into view. It is wielding a +0 glaive.
As you read the scroll of fog, it crumbles to dust.
The scroll dissolves into smoke.
The orc warrior closely misses you.
An orc warrior comes into view. It is wielding a +0 halberd.
The orc warrior moves out of view.
You feel very mighty all of a sudden.
The orc warrior hits you from afar with a +0 halberd.
The orc warrior completely misses you.
You puncture the orc warrior!
You kill the orc warrior! 2 orcs and an orc warrior come into view.
Found a gate leading back out of this place.
The orc shouts!
The orc warrior shouts!
The orc warrior hits you with a +0 halberd!
* * * LOW HITPOINT WARNING * * *
Items here: ))) [[[ ††.
The orc warrior hits you from afar with a +0 halberd!
* * * LOW HITPOINT WARNING * * *
The orc barely misses you.
There is an empty arch of ancient stone here.
There is a gate leading back out of this place here.
The orc warrior hits you from afar with a +0 halberd!
You die...
Xom is highly amused!

### ##@## #§§§#
#oo§#
≈≈o≈≈.§§§§§.≈
≈.oo≈..§§§..≈oo
≈≈o≈≈.......≈≈.≈
.≈≈≈..#...#..≈≈≈
.....##...##....
##### ##∩## ####


You could see an orc warrior and an orc.

Vanquished Creatures
  A steam dragon (D:5)
  2 water moccasins
  A black bear (D:6)
  5 orc warriors
  2 sky beasts
  An ogre (D:6)
  A phantom (D:6)
  Dowan (D:5)
  A wight (D:5)
  A bullfrog zombie (D:5)
  A centaur zombie (D:5)
  4 hounds
  An orc priest (D:7)
  A bullfrog skeleton (D:5)
  2 iguanas
  3 orc wizards
  2 hound skeletons (D:5)
  A howler monkey skeleton (D:5)
  4 gnolls (D:2)
  6 adders
  A shadow imp (D:5)
  A white imp (D:5)
  5 ufetubi
  2 worms
  2 dart slugs
  13 orcs
  8 bats
  11 endoplasms
  3 giant cockroaches
  8 goblins
  7 hobgoblins
  4 jackals (D:3)
  6 kobolds
  2 quokkas
  7 ball pythons
  5 frilled lizards
  12 rats
  A spectral orc (D:4)
139 creatures vanquished.

Vanquished Creatures (collateral kills)
  A polar bear (shapeshifter) (D:5)
  Duvessa (D:5)
  2 ogres (D:5)
  2 necrophages (D:6)
  A phantom (D:5)
  A scorpion (D:5)
  A water moccasin zombie (D:5)
  A crimson imp (D:5)
  A jelly (D:6)
  3 orc wizards
  2 orcs (D:6)
16 creatures vanquished.

Grand Total: 155 creatures vanquished

Notes
Turn   | Place    | Note
-------+----------+-------------------------------------------
     0 | D:1      | Jannitor the Djinni Chaos Knight began the quest for the
                  | Orb.
     0 | D:1      | Reached XP level 1. HP: 20/20 MP: 0/0
    41 | D:1      | Reached XP level 2. HP: 21/25 MP: 0/0
   274 | D:1      | XOM: smoke on damage
   315 | D:1      | Found a faded altar of an unknown god.
   963 | D:1      | Reached XP level 3. HP: 30/30 MP: 0/0
   963 | D:1      | Learned a level 1 spell: Apportation
  1208 | D:2      | Found a hide-covered altar of Uskayaw.
  1422 | D:2      | Reached XP level 4. HP: 16/35 MP: 0/0
  1447 | D:2      | XOM: silly message
  1465 | D:2      | Reached skill level 1 in Stealth
  1739 | D:2      | You are sucked into a shaft and drop 1 floor!
  1791 | D:3      | Found a shadowy altar of Dithmenos.
  1914 | D:3      | XOM: silly message
  1997 | D:3      | Found a bloodstained altar of Trog.
  2017 | D:3      | Upgraded the game from 0.28-a0-732-g75e6d9beac to
                  | 0.28-a0-751-gef3a642a4e
  2051 | D:3      | Found a white marble altar of Elyvilon.
  2079 | D:2      | Reached skill level 1 in Spellcasting
  2079 | D:2      | Reached XP level 5. HP: 39/40 MP: 0/0
  2079 | D:2      | Learned a level 2 spell: Blink
  2253 | D:2      | XOM: divination: detect items
  2447 | D:2      | XOM: smoke on damage
  2643 | D:2      | XOM: silly message
  3278 | D:3      | Found a sparkling altar of Nemelex Xobeh.
  3638 | D:4      | Noticed a sky beast
  3667 | D:4      | XOM: smoke on damage
  3932 | D:4      | Found a basalt altar of Yredelemnul.
  3959 | D:4      | XOM: silly message
  4122 | D:4      | Reached XP level 6. HP: 44/47 MP: 0/0
  4131 | D:4      | XOM: scenery: create altars
  4264 | D:4      | XOM: stat loss: -1 Str (10/11)
  4435 | D:4      | Found Keobem's Overcharged Wands.
  4511 | D:5      | Entered Level 5 of the Dungeon
  4548 | D:5      | XOM: polymorph white imp -> crimson imp
  4551 | D:5      | XOM: scenery: create altars
  4552 | D:5      | XOM: summons 5 friendly demons
  4617 | D:5      | XOM: scenery: create altars
  4618 | D:5      | XOM: confusion
  4632 | D:5      | XOM: destruction
  4635 | D:5      | XOM: cast spell 'Summon Mana Viper'
  4653 | D:5      | XOM: give mutations
  4653 | D:5      | Gained mutation: You are partially covered in iridescent
                  | scales. (AC +2) [Xom's mischief]
  4653 | D:5      | Gained mutation: You occasionally shout uncontrollably at
                  | your foes. [Xom's mischief]
  4653 | D:5      | Gained mutation: Armour fits poorly on your strangely
                  | shaped body. [Xom's mischief]
  4656 | D:5      | Reached XP level 7. HP: 19/52 MP: 0/0
  4656 | D:5      | Learned a level 3 spell: Dazzling Flash
  4740 | D:5      | Noticed a steam dragon
  4740 | D:5      | an iguana changed into a steam dragon
  4740 | D:5      | XOM: polymorph iguana -> steam dragon
  4746 | D:5      | Killed a steam dragon
  5069 | D:5      | XOM: god gift: blackened ivory wand {god gift}
  5177 | D:5      | Found a staircase to the Ecumenical Temple.
  5208 | D:5      | Noticed a glowing shapeshifter
  5208 | D:5      | a scorpion changed into a glowing shapeshifter
  5209 | D:5      | Noticed an elephant
  5209 | D:5      | a glowing shapeshifter changed into an elephant
  5211 | D:5      | XOM: summons friendly shadow imp
  5220 | D:5      | Noticed a wind drake
  5220 | D:5      | an elephant changed into a wind drake
  5223 | Temple   | Entered the Ecumenical Temple
  5316 | Temple   | XOM: noise
  5450 | D:5      | Noticed a queen bee
  5450 | D:5      | a wind drake changed into a queen bee
  5518 | D:5      | Noticed a blink frog
  5532 | D:6      | Reached XP level 8. HP: 58/58 MP: 0/0
  5555 | D:5      | XOM: repel stairs
  5617 | D:5      | Found a glowing golden altar of the Shining One.
  5649 | D:5      | XOM: chaos upgrade
  5658 | D:5      | Reached skill level 1 in Evocations
  5673 | D:5      | Noticed a komodo dragon
  5681 | D:5      | Noticed a polar bear
  5681 | D:5      | a komodo dragon changed into a polar bear
  5682 | D:5      | Killed a polar bear
  5683 | D:5      | Reached skill level 5 in Fighting
  5683 | D:5      | Reached skill level 5 in Dodging
  5712 | D:5      | XOM: 1-stop teleportation journey
  5721 | D:5      | XOM: summons 4 friendly demons
  5754 | D:5      | XOM: scenery: 1 doors close
  5824 | D:5      | Noticed Dowan
  5826 | D:5      | Noticed Duvessa
  5835 | D:5      | Killed Duvessa
  5861 | D:5      | Killed Dowan
  5862 | D:5      | Reached XP level 9. HP: 59/65 MP: 0/0
  5862 | D:5      | Learned a level 3 spell: Summon Guardian Golem
  6073 | D:5      | Reached skill level 5 in Short Blades
  6881 | D:4      | XOM: noise
  7049 | D:5      | XOM: noise
  7291 | D:5      | XOM: cloud trail
  7459 | D:6      | XOM: give mutations
  7459 | D:6      | Lost mutation: You occasionally shout uncontrollably at
                  | your foes. [Xom's mischief]
  7484 | D:6      | XOM: give mutation
  7484 | D:6      | Gained mutation: You are weak. (Str -2) [Xom's mischief]
  7566 | D:6      | XOM: summons 1 hostile demon
  7575 | D:6      | XOM: give mutations
  7575 | D:6      | Gained mutation: You are robust. (+10% HP) [Xom's grace]
  7575 | D:6      | Gained mutation: You are mostly covered in iridescent
                  | scales. (AC +4) [Xom's grace]
  7575 | D:6      | Gained mutation: You have hidden genetic potential. [Xom's
                  | grace]
  7576 | D:6      | XOM: summons 4 friendly demons
  8046 | D:6      | XOM: scenery: create altars
  8047 | D:6      | XOM: cast spell 'Summon Hydra'
  8073 | D:6      | XOM: scenery: create altars
  8387 | D:6      | Noticed Prince Ribbit
  8409 | D:6      | XOM: enchant monster (good)
  8419 | D:6      | XOM: cleaving
  8434 | D:6      | Noticed a guardian serpent
  8435 | D:6      | XOM: cast spell 'Necromutation'
  8436 | D:6      | XOM: scenery: summon butterflies
  8466 | D:6      | Noticed a swamp dragon
  8478 | D:6      | XOM: cast spell 'Dispersal'
  8528 | D:7      | Identified a scroll of acquirement
  8528 | D:7      | Acquired a +3 quick blade
  8547 | D:7      | XOM: scenery: create altars
  8640 | D:7      | XOM: cast spell 'Metabolic Englaciation'
  8651 | D:7      | XOM: divination: magic mapping
  8659 | D:7      | XOM: enchant monster (bad)
  8702 | D:7      | Found a flagged portal.
  8830 | Bailey   | Entered a bailey
  8830 | Bailey   | Noticed an orc knight
  8833 | Bailey   | XOM: give mutations
  8833 | Bailey   | Lost mutation: You have hidden genetic potential. [Xom's
                  | mischief]
  8833 | Bailey   | Lost mutation: You are robust. (+10% HP) [Xom's mischief]
  8835 | Bailey   | XOM: silly message
  8838 | Bailey   | Reached XP level 10. HP: 40/72 MP: 0/0
  8860 | Bailey   | Mangled by an orc warrior

Illustrated notes

Levels and vault maps discovered:
D:1:      sevenhm_arrival_forest_fort_small_3, layout_loops_corners,
          shapermc_ecumenical_altar_starsandcircs
D:2:      layout_loops_corners, basic_altar, st_stairs_8,
          amcnicky_mini_pool_small
D:3:      layout_loops_ring, mainiacjoe_overflow_chevrons,
          trog_three_pillars_becter, mainiacjoe_overflow_paths,
          nemelex_dance_club_becter, elyvilon_altar_5,
          kennysheep_generic_room_13
D:4:      layout_rooms, yredelemnul_forgotten_temple_becter,
          grunt_decor_fettered, chequers_serial_rivers_small_3,
          dk_noncrumbling_3, nicolae_shop_overcharged_wands
D:5:      kb_forest_paths, layout_basic, mainiacjoe_overflow_alcove_1,
          temple_pool_b, kennysheep_generic_room_10, uniq_duvessa
D:6:      layout_cave_pools, kennysheep_dice, uniq_prince_ribbit1
D:7:      layout_basic, serial_shops, shop, enter_bailey_5, hex_large,
          uniq_menkaure, uniq_crazy_yiuf_cottage
Temple:   nicolae_temple_figure_zero
Bailey:   bailey_polearm_4, bailey

Skill      XL: |  1  2  3  4  5  6  7  8  9 10 |
---------------+-------------------------------+-----
Short Blades   | 3 4 5 |  5.8
Dodging        | 3 4 5 6 |  6.6
Stealth        | 1 2 3 4 |  4.9
Spellcasting   | 1 2 3 4 |  4.0
Fighting       | 4 5 6 |  6.4
Evocations     | 2 3 4 |  4.2
Armour         | |  1.2

Action                   |  1- 3 |  4- 6 |  7- 9 | 10-12 || total
-------------------------+-------+-------+-------+-------++-------
Melee: Short sword       |    70 |   218 |   348 |       ||   636
       Quick blade       |       |       |    62 |     1 ||    63
Throw: Dart              |     6 |     6 |     1 |       ||    13
 Cast: Dazzling Flash    |       |       |    17 |       ||    17
       Blink             |       |       |     3 |       ||     3
Evoke: Wand              |       |       |    12 |     8 ||    20
  Use: Scroll            |       |     1 |    15 |     1 ||    17
       Potion            |       |       |     2 |     2 ||     4
 Stab: Sleeping          |       |     9 |     3 |       ||    12
       Paralysed         |       |       |     2 |       ||     2
       Confused          |       |       |     1 |       ||     1
       Distracted        |       |       |     1 |       ||     1
       Invisible         |       |       |     6 |       ||     6
Armor: Leather armour    |    18 |    60 |   181 |     2 ||   261
Dodge: Dodged            |    42 |   119 |   249 |     5 ||   415

Table legend: (Time is in decaauts)
 A = Elapsed time spent in this place.
 B = Non-inter-level travel time spent in this place.
 C = Inter-level travel time spent in this place.
 D = Time resting spent in this place.
 E = Time spent auto-exploring this place.
 F = Levels seen in this place.
 G = Mean time per level.
                   A        B        C        D        E       F      G
               +--------+--------+--------+--------+--------+-----+--------+
         Total |   8760 |   8529 |    231 |   2129 |   4701 |   9 |  973.3 |
       Dungeon |   8504 |   8273 |    231 |   2033 |   4588 |   7 | 1214.9 |
        Temple |    226 |    226 |      0 |     93 |    113 |   1 |  226.0 |
        Bailey |     29 |     29 |      0 |      3 |      0 |   1 |   29.0 |
               +--------+--------+--------+--------+--------+-----+--------+

Top non-repeatable levels by time:
     D:5: 2257 daAuts
     D:2: 1360 daAuts
     D:4: 1290 daAuts
     D:6: 1153 daAuts
     D:1: 1136 daAuts
     D:3: 1002 daAuts
     D:7: 305 daAuts
  Temple: 226 daAuts
  Bailey: 29 daAuts
